 Dungeon Crawl Stone Soup version 0.30-a0-591-g3c58d2bc28 (webtiles) character file.

Game seed: 10582160539242890798

6 OTABOTABOTAB the Insei (level 1, 0/13 HPs)
             Began as an Octopode Transmuter on Jan 5, 2023.
             Slain by an adder (4 damage)
             ... on level 2 of the Dungeon.
             The game lasted 00:00:46 (545 turns).

OTABOTABOTAB the Insei (Octopode Transmuter)         Turns: 545, Time: 00:00:46

Health: 0/13       AC:  1    Str:  9    XL:     1   Next: 90%
Magic:  3/3        EV: 13    Int: 15    God:
Gold:   42         SH:  0    Dex: 12    Spells: 3/4 levels left

rFire   . . .      SeeInvis .      - Unarmed
rCold   . . .      Faith    .    (no shield)
rNeg    . . .      Spirit   .    (helmet restricted)
rPois   .          Reflect  .    (no amulet)
rElec   .          Harm     .    (no ring)
rCorr   .          Rampage  .    (no ring)
Will    .....                    (no ring)
Stlth   ++                       (no ring)
HPRegen 0.22/turn                (no ring)
MPRegen 0.08/turn                (no ring)
                                 (no ring)
                                 (no ring)

@: lethally poisoned (0 -> -1)
A: almost no armour, amphibious, 8 rings, camouflage 1, gelatinous body 1,
(nimble swimmer 1), tentacles
a: no special abilities


You were on level 2 of the Dungeon.
You visited 1 branch of the dungeon, and saw 2 of its levels.

You collected 42 gold pieces.

Inventory:

Missiles
 i - 5 poisoned darts
Scrolls
 a - a scroll of magic mapping {unknown}
 b - a scroll of amnesia {unknown}
 d - a scroll of poison {unknown}
 e - a scroll of enchant weapon {unknown}
 f - a scroll of identify {unknown}
 g - a scroll of teleportation {unknown}
Potions
 c - 3 potions of heal wounds {unknown}
 h - a potion of brilliance {unknown}
 P - a potion of lignification {!q}


   Skills:
 - Level 1.0 Fighting
 - Level 2.0 Dodging
 + Level 3.1 Unarmed Combat
 - Level 2.0 Spellcasting
 + Level 2.1 Transmutations
 + Level 0.8 Poison Magic


You had 3 spell levels left.
You knew the following spells:

 Your Spells              Type           Power      Damage    Failure   Level
a - Beastly Appendage     Tmut           16%        N/A       9%          1

Your spell library contained the following spells:

 Spells                   Type           Power      Damage    Failure   Level
 Wereblood                Tmut           8%         N/A       14%         2
 Spider Form              Tmut/Pois      6%         N/A       34%         3
 Portal Projectile        Hex/Tloc       2%         N/A       54%         3
 Tukima's Dance           Hex            1%         N/A       54%         3
 Ice Form                 Ice/Tmut       4%         N/A       80%         4
 Blade Hands              Tmut           4%         N/A       94%         5


Dungeon Overview and Level Annotations

Branches:
Dungeon (2/15)

Altars:

Shops:
D:1 [


Innate Abilities, Weirdness & Mutations

You cannot wear most types of armour.
You are amphibious.
You can wear up to eight rings at the same time.
Your skin changes colour to match your surroundings (Stealth+).
Your rubbery body absorbs attacks. (AC +1, EV +1)
((You are camouflaged when in or above water. (Stealth+)))
You have tentacles for arms and can constrict up to eight enemies at once.


Message History

You kill the hobgoblin!
Unknown command.
You tentacle-slap the frilled lizard.
You kill the frilled lizard!
No target in view!
No target in view!
Your tentacle spike disappears.
e - a scroll labelled DORHAT VAHAO MP restored: 3 You see here a frilled lizard corpse.
f - a scroll labelled IZOECHUD WOWU
Found a stone staircase leading down.
Found a stone staircase leading down.
You now have 13 gold pieces.
g - a scroll labelled PIEWENK LYME
h - a fizzy golden potion You now have 30 gold pieces (gained 17).
Found Ihoipt's Armour Shoppe.
No target in view!
No target in view!
Found a faded altar of an unknown god.
There is an entrance to Ihoipt's Armour Shoppe here.
You open the door.
There is an open door here.
You pick up a book of Weapons and begin reading...
You add the spells Tukima's Dance, Portal Projectile and Blade Hands to your library.
There is an open door here.
There is a stone staircase leading down here.
You now have 42 gold pieces (gained 12).
s - 5 stones (quivered)
c - 3 clear potions (gained 2)
i - 5 poisoned darts Done exploring.
Done exploring.
Done exploring.
Done exploring.
No target in view!
No target in view!
Done exploring.
Done exploring.
(D) Dungeon
Where to? (? - help)
There is a stone staircase leading down here.
You climb downwards.
There is a stone staircase leading up here.
A goblin comes into view. It is wielding a +0 club.
A goblin is nearby!
You throw a stone.
The stone hits the goblin but does no damage.
The goblin shouts!
You throw a stone. The stone closely misses the goblin.
One of your tentacles grows a vicious spike.
You now have 2/3 mp.
You throw a stone. The stone closely misses the goblin.
You throw a stone. The stone misses the goblin.
Unknown command.
You throw a stone. The stone closely misses the goblin.
You tentacle-slap the goblin. You grab the goblin.
You pierce the goblin.
You kill the goblin!
No target in view!
No target in view!
No target in view!
Your tentacle spike disappears. 2 adders come into view.
MP restored: 3
There are monsters nearby!
There are monsters nearby!
There are monsters nearby!
Found a stone staircase leading down.
One of your tentacles grows a vicious spike.
You now have 2/3 mp.
Your transformation is almost over.
The adder hisses angrily.
There are monsters nearby!
The adder hisses angrily.
You tentacle-slap the adder. Your grab misses the adder.
Your tentacle spike misses the adder.
You tentacle-slap the adder. The adder bites you.
You are poisoned.
The adder poisons you!
You take 2 damage, and have 11/13 hp.
You closely miss the adder. Your grab misses the adder.
You feel sick. The adder barely misses you.
You take 2 damage, and have 9/13 hp.
You closely miss the adder. Your grab misses the adder.
Your tentacle spike misses the adder.
Your squeeze misses the adder.
You feel sick. The adder barely misses you.
You take 1 damage, and have 8/13 hp.
You tentacle-slap the adder. Your grab misses the adder.
Your squeeze misses the adder.
You feel sick. The adder bites you.
You take 3 damage, and have 5/13 hp.
MASSIVE DAMAGE!!
You tentacle-slap the adder. Your grab misses the adder.
Your tentacle spike disappears.
You feel sick. The adder misses you. The adder closely misses you.
You take 1 damage, and have 4/13 hp.
MP restored: 3 You closely miss the adder.
Your grab misses the adder.
You feel sick. The adder bites you.
You die...

#.#### #. #.##.#
##.# #.##.#
....#########.##.# #
#........<......#
..##...##.#####.##.#
>.........# #.##.#
..##...##.#####.##.#
......SS@.......##.#
.......##.####..##.#
..............).##.#
.....##.#.####......
.##.. #)#.# #.##..#
... . ..# #.# ..#
... .. ... ... .#
.## .. ### #.# .#
#..


You could see 2 adders.

Vanquished Creatures
  A bat (D:1)
  A goblin (D:2)
  2 hobgoblins (D:1)
  A frilled lizard (D:1)
5 creatures vanquished.

Notes
Turn   | Place    | Note
-------+----------+-------------------------------------------
     0 | D:1      | OTABOTABOTAB the Octopode Transmuter began the quest for
                  | the Orb.
     0 | D:1      | Reached XP level 1. HP: 13/13 MP: 3/3
   200 | D:1      | Found Ihoipt's Armour Shoppe.
   204 | D:1      | Found a faded altar of an unknown god.
   545 | D:2      | Slain by an adder

Illustrated notes

Levels and vault maps discovered:
D:1:      mrwooster_arrival_statue_3, layout_rooms, serial_shops,
          nicolae_shop_trees, ebering_ecumenical_altar_sacrificial,
          grunt_decor_arrowhead
D:2:      layout_basic

Action                   || total
-------------------------++-------
Melee: Unarmed           ||    13
       Constrict         ||     3
       Punch             ||     2
       Tentacles         ||     2
       Kick              ||     1
Throw: Stone             ||    11
 Cast: Beastly Appendage ||     5
 Abil: End Transformatio ||     4
Armor: Skin              ||     1
Dodge: Dodged            ||    10

Table legend: (Time is in decaauts)
 A = Elapsed time spent in this place.
 B = Non-inter-level travel time spent in this place.
 C = Inter-level travel time spent in this place.
 D = Time resting spent in this place.
 E = Time spent auto-exploring this place.
 F = Levels seen in this place.
 G = Mean time per level.
                   A        B        C        D        E       F      G
               +--------+--------+--------+--------+--------+-----+--------+
         Total |    545 |    538 |      7 |      0 |    472 |   2 |  272.5 |
       Dungeon |    545 |    538 |      7 |      0 |    472 |   2 |  272.5 |
               +--------+--------+--------+--------+--------+-----+--------+

Top non-repeatable levels by time:
     D:1: 492 daAuts
     D:2: 52 daAuts

Table legend:
 A = Kills in this place as a percentage of kills in entire the game.
 B = Kills by you in this place as a percentage of kills by you in the entire game.
 C = Kills by friends in this place as a percentage of kills by friends in the entire game.
 D = Other kills in this place as a percentage of other kills in the entire game.
 E = Experience gained in this place as a percentage of experience gained in the entire game.
 F = Experience gained in this place divided by the number of levels of this place that you have seen.
                   A       B       C       D       E      F
               +-------+-------+-------+-------+-------+----------------------
         Total | 100.0 | 100.0 |   N/A |   N/A | 100.0 |   4.5
       Dungeon | 100.0 | 100.0 |   N/A |   N/A | 100.0 |   4.5
               +-------+-------+-------+-------+-------+----------------------
